 Dungeon Crawl Stone Soup version 0.20.0 (webtiles) character file.

370 FakerFangirl the Cudgeler (level 6, -4/53 HPs)
             Began as a Draconian Fighter on May 25, 2017.
             Killed by nerve-wracking pain
             ... invoked by Grinder
              (12 damage)
             ... while paralysed by Grinder
             ... on level 5 of the Dungeon.
             The game lasted 00:04:26 (4366 turns).

FakerFangirl the Cudgeler (Draconian Fighter)       Turns: 4366, Time: 00:04:27

Health: -4/53      AC:  7    Str: 18    XL:     6   Next: 42%
Magic:  0/6        EV:  2    Int:  9    God:
Gold:   172        SH:  0    Dex: 12    Spells: 5/5 levels left

rFire    + . .     SeeInvis .   Y - +2 flail
rCold    . . .     Gourm    .   b - +0 shield
rNeg     . . .     Faith    .   (armour unavailable)
rPois    .         Spirit   +   (helmet restricted)
rElec    .         Reflect  .   (no cloak)
rCorr    .         Harm     .   k - +0 pair of gloves
MR       .....                  (no boots)
Stlth    +.........             q - amulet of guardian spirit
Regen    0.2/turn               f - ring of protection from fire
MPRegen  0.1/turn               (no ring)

@: paralysed
A: unfitting armour, cold-blooded, AC +6
a: no special abilities


You were on level 5 of the Dungeon.
You were not hungry.

You visited 1 branch of the dungeon, and saw 5 of its levels.

You collected 172 gold pieces.


Innate Abilities, Weirdness & Mutations

Your plain brown scales are hard. (AC +6)
You cannot fit into any form of body armour.
You are cold-blooded and may be slowed by cold attacks.


   Skills:
 - Level 4.4 Fighting
 + Level 6.3 Maces & Flails
 - Level 2.6 Dodging
 - Level 3.0 Shields


You had 5 spell levels left.
You didn't know any spells.

Inventory:

Hand Weapons
 Y - a +2 flail (weapon)
Armour
 b - a +0 shield (worn)
 k - a +0 pair of gloves (worn)
Jewellery
 f - a ring of protection from fire (left hand)
 q - an amulet of guardian spirit (around neck)
Wands
 h - a wand of flame (32/48)
 l - a wand of digging (9/24)
Scrolls
 i - 2 scrolls of teleportation
 j - 2 scrolls of remove curse
 m - 2 scrolls of identify
Potions
 a - a potion of berserk rage {unknown}
 c - a potion of might
 n - a potion of resistance
 o - a potion of haste {unknown}
 p - a potion of brilliance {unknown}
 r - a potion of heal wounds
Comestibles
 d - 3 bread rations
 e - 2 fruits
 g - a meat ration
 s - 4 chunks of flesh

Dungeon Overview and Level Annotations

Branches:
Dungeon (5/15)
 Temple: D:4-7

Altars:
Fedhas
Kikubaaqudgha
Ru
Uskayaw
Xom
The Shining One

Annotations:
D:5 Grinder


Message History

You closely miss Grinder.
Grinder is moderately wounded.
Grinder hits you.
You writhe in agony.
You barely miss Grinder.
Grinder is moderately wounded.
Grinder completely misses you.
You hit Grinder.
Grinder is heavily wounded.
Grinder closely misses you.
You hit Grinder.
Grinder is heavily wounded.
You block Grinder's attack.
You hit Grinder but do no damage.
Grinder is heavily wounded.
Grinder gestures at you.
You suddenly lose the ability to move!
Grinder hits you.
You writhe in agony.
Grinder hits you.
You writhe in agony.
Grinder gestures at you. Pain shoots through your body!
You die...

#.........#.#
#.).......#.#....
+.........#.#....
#.........#.##..######
#..$........##........
#...................#
.......<...# #..!.#.#
......#....###..#.#.#
..... +.....).@.#o#.# #
.... #.....##.5....#.#
...
...##<#.##......#.## ##
#...####)##.)........
.....+.....)...........
##...####.)#...........
#.. ##.#...........
##.#.....##+###
#........#


You could see Grinder.

Vanquished Creatures
  An ogre (D:5)
  An orc priest (D:5)
  A hound (D:3)
  An iguana (D:4)
  2 worker ants (D:4)
  A hound skeleton (D:4)
  Robin (D:3)
  3 adders
  2 oozes
  An adder skeleton (D:4)
  2 worms
  3 dart slugs (D:1)
  A leopard gecko (D:1)
  8 orcs
  A ball python (D:1)
  2 giant cockroaches
  11 goblins (D:3)
  6 hobgoblins
  8 jackals
  5 kobolds
  A quokka (D:1)
  2 bats (D:1)
  3 frilled lizards
  A jackal skeleton (D:4)
  2 quokka skeletons (D:4)
  3 rats (D:2)
73 creatures vanquished.

Notes
Turn   | Place    | Note
-------+----------+-------------------------------------------
     0 | D:1      | FakerFangirl the Draconian Fighter began the quest for the Orb.
     0 | D:1      | Reached XP level 1. HP: 19/19 MP: 1/1
     0 | D:1      | 0 ||| counter = 7
    95 | D:1      | Reached XP level 2. HP: 8/26 MP: 2/2
    98 | D:1      | HP: 5/26 [jackal (2)]
   140 | D:1      | HP: 3/26 [quokka (5)]
   472 | D:1      | Reached skill level 3 in Maces & Flails
   820 | D:1      | 820 ||| READING scroll labeled AQAEMYNITE.
   824 | D:1      | 824 ||| READING 3 scrolls labeled YROIBB QOMU.
   825 | D:1      | 825 ||| UPGRADING to encrusted diamond ring.
   826 | D:1      | 826 ||| READING scroll labeled ZEMUTS JOBBEID.
   945 | D:2      | Found an ancient bone altar of Kikubaaqudgha.
   947 | D:2      | Found a blossoming altar of Fedhas.
  1093 | D:2      | Reached XP level 3. HP: 31/31 MP: 3/3
  1134 | D:2      | Found a sacrificial altar of Ru.
  1226 | D:2      | Found a hide-covered altar of Uskayaw.
  1374 | D:2      | 1374 ||| UPGRADING to pair of gloves.
  1379 | D:2      | 1379 ||| READING scroll labeled PIUHEZ HINYSIO.
  1380 | D:2      | 1380 ||| READING 3 scrolls labeled SUOFI FUANLAMI.
  1381 | D:2      | 1381 ||| DRINKING 2 silvery potions.
  1405 | D:2      | 1405 ||| READING 2 scrolls of identify.
  1405 | D:2      | 1405 ||| IDENTIFYING glowing brown potion
  1406 | D:2      | 1406 ||| DROPPING potion of lignification.
  1636 | D:3      | Reached skill level 4 in Maces & Flails
  1651 | D:3      | Noticed Grinder
  1655 | D:3      | Paralysed by Grinder for 6 turns
  1659 | D:3      | HP: 6/31 [Grinder (5)]
  1661 | D:3      | 1661 ||| READING scroll of teleportation.
  1662 | D:3      | 1662 ||| DRINKING potion of heal wounds.
  2548 | D:3      | Reached XP level 4. HP: 31/38 MP: 4/4
  2650 | D:3      | Found a glowing golden altar of the Shining One.
  2659 | D:3      | 2659 ||| READING scroll labeled YTYIDA XOLOMUDO.
  2660 | D:3      | 2660 ||| READING scroll labeled AXOUGO COVO.
  2674 | D:4      | Noticed Robin
  2675 | D:4      | 2675 ||| STAIRDANCE
  2678 | D:3      | 2678 ||| Stepping ~*~*~tactically~*~*~ (outnumbered).
  2679 | D:3      | 2679 ||| Stepping ~*~*~tactically~*~*~ (outnumbered).
  2680 | D:3      | 2680 ||| Stepping ~*~*~tactically~*~*~ (outnumbered).
  2795 | D:4      | 2795 ||| STAIRDANCE
  2800 | D:3      | Killed Robin
  2822 | D:4      | 2822 ||| STAIRDANCE
  2824 | D:3      | 2824 ||| Stepping ~*~*~tactically~*~*~ (outnumbered).
  2825 | D:3      | 2825 ||| Stepping ~*~*~tactically~*~*~ (outnumbered).
  2867 | D:4      | 2867 ||| STAIRDANCE
  2872 | D:3      | Reached skill level 5 in Maces & Flails
  3030 | D:4      | 3030 ||| STAIRDANCE
  3063 | D:4      | Reached XP level 5. HP: 29/45 MP: 5/5
  3169 | D:4      | Found a shimmering altar of Xom.
  3313 | D:4      | HP: 11/45 [poisoned by a worker ant]
  3510 | D:4      | 3510 ||| EATING royal jelly.
  3631 | D:4      | 3631 ||| READING scroll of enchant weapon.
  3631 | D:4      | 3631 ||| ENCHANTING +1 flail.
  3866 | D:4      | Reached skill level 6 in Maces & Flails
  4059 | D:4      | 4059 ||| EATING 3 fruits.
  4083 | D:4      | 4083 ||| UPGRADING to triangular platinum amulet.
  4084 | D:4      | 4084 ||| READING 4 scrolls of identify.
  4084 | D:4      | 4084 ||| IDENTIFYING sedimented black potion
  4085 | D:4      | 4085 ||| READING 3 scrolls of identify.
  4085 | D:4      | 4085 ||| IDENTIFYING orange potion
  4086 | D:4      | 4086 ||| READING 2 scrolls of identify.
  4086 | D:4      | 4086 ||| IDENTIFYING pink potion
  4087 | D:4      | 4087 ||| DROPPING potion of ambrosia.
  4088 | D:4      | 4088 ||| DROPPING potion of agility.
  4103 | D:5      | Entered Level 5 of the Dungeon
  4115 | D:5      | Noticed an ogre
  4127 | D:5      | Killed an ogre
  4127 | D:5      | Reached XP level 6. HP: 26/53 MP: 1/6
  4364 | D:5      | Paralysed by Grinder for 4 turns
  4365 | D:5      | HP: 12/53 [Grinder (4)]
  4366 | D:5      | Killed from afar by Grinder

Vault maps used:
D:1:      lightli_arrival_statuegarden, serial_curves, eino_curves_03,
          eino_curves_03
D:2:      grunt_temple_overflow_growth_and_decay,
          eat_drink_and_be_merry_uskayaw, nicolae_ru_awakened_eye
D:3:      nicolae_tso_swordbearing_angel, uniq_grinder
D:4:      overflow_temple_1_default, first_bread, kennysheep_generic_room_10,
          uniq_robin
D:5:      grunt_temple_overflow_opulence, serial_bayou_crossing

Skill      XL: |  1  2  3  4  5 |
---------------+----------------+-----
Maces & Flails | 3 4 5 6 |  6.3
Fighting       | 4 |  4.4
Dodging        | |  2.6
Shields        | |  3.0

Action                   |  1- 3 |  4- 6 || total
-------------------------+-------+-------++-------
Melee: Flail             |   119 |   117 ||   236
       Tailslap          |     7 |    15 ||    22
  Use: Scroll            |     7 |     6 ||    13
       Potion            |     2 |       ||     2
 Stab: Sleeping          |     1 |     1 ||     2
  Eat: Chunk             |     5 |     3 ||     8
       Royal jelly       |       |     1 ||     1
       Fruit             |       |     1 ||     1
Armor: Skin              |    26 |    30 ||    56
Dodge: Dodged            |    56 |    50 ||   106
Block: Shield            |    61 |    43 ||   104
